 Dungeon Crawl Stone Soup version 0.31.0-11-ge490571c62 (webtiles) character file.

Game seed: 9592471654241926944

51321 Ashen the Thaumaturge (level 14, -11/109 HPs)
             Began as a Gnoll Earth Elementalist on Jan 26, 2024.
             Was a High Priest of Vehumet.
             Killed by divine providence
             ... invoked by an orc priest
              (13 damage)
             ... on level 2 of the Orcish Mines on Jan 27, 2024.
             The game lasted 01:15:27 (22260 turns).

Ashen the Thaumaturge (Gnoll Earth Elementalist)   Turns: 22260, Time: 01:15:28

Health: -11/109    AC: 11    Str:  8    XL:     14   Next: 59%
Magic:  23/34      EV: 16    Int: 26    God:    Vehumet [*****.]
Gold:   1720       SH:  0    Dex: 12    Spells: 1/34 levels left

rFire   . . .        N - +6 Majin-Bo {spellvamp, MP+6 Int+6}
rCold   . . .        (no shield)
rNeg    . . .        a - +0 robe
rPois   +            w - +1 helmet
rElec   .            H - +2 cloak {rPois}
rCorr   .            (no gloves)
SInv    .            l - +1 pair of boots
Will    ++...        G - amulet of magic regeneration
Stlth   ++++         m - ring of willpower
HPRegen 0.38/turn    M - +4 ring of slaying
MPRegen 0.64/turn

%: no passive effects
@: no status effects
A: fangs 1, strong nose, distributed training
a: Renounce Religion


You were on level 2 of the Orcish Mines.
You worshipped Vehumet.
Vehumet was extremely pleased with you.
You visited 4 branches of the dungeon, and saw 18 of its levels.
You also visited: Sewer.

You collected 1720 gold pieces.

Inventory:

Hand Weapons
 g - a +4 lajatang
 h - the +7 hand axe of the Solemn God {drain, rF+ rCorr Dex+2 Stlth-}
   (You found it on level 2 of the Dungeon)

   Dex+2:     It affects your dexterity (+2).
   rF+:       It protects you from fire.
   rCorr:     It protects you from acid and corrosion.
   Stlth-:    It makes you less stealthy.
 B - a +2 dagger of venom
 C - a +0 short sword of electrocution
 N - the +6 Majin-Bo (weapon) {spellvamp, MP+6 Int+6}
   (You acquired it on level 5 of the Lair of Beasts)

   Int+6:     It affects your intelligence (+6).
   MP+6:      It affects your magic capacity (+6).
 T - a +2 rapier of venom
Armour
 a - a +0 robe (worn)
 l - a +1 pair of boots (worn)
 w - a +1 helmet (worn)
 H - a +2 cloak of poison resistance (worn)
Magical Staves
 d - a staff of earth
 n - a staff of cold
Jewellery
 m - a ring of willpower (left hand)
 s - a ring of see invisible
 D - a ring of ice
 G - an amulet of magic regeneration (around neck)
 I - a ring of protection from cold
 M - a +4 ring of slaying (right hand)
 P - a ring of ice
 R - a +6 ring of intelligence
Wands
 E - a wand of flame (57)
 J - a wand of iceblast (8)
 K - a wand of mindburst (10)
 L - a wand of charming (9)
Scrolls
 c - a scroll of acquirement
 i - 5 scrolls of poison
 j - 7 scrolls of teleportation
 k - a scroll of torment {unknown}
 t - a scroll of immolation
 u - a scroll of silence
 x - a scroll of vulnerability
 y - 3 scrolls of fog
 F - a scroll of amnesia
 O - 2 scrolls of blinking {unknown}
 Q - a scroll of fear {unknown}
Potions
 b - 4 potions of magic
 e - a potion of invisibility
 f - 2 potions of might
 o - 8 potions of cancellation
 p - 6 potions of brilliance
 q - 8 potions of curing
 r - 4 potions of enlightenment
 v - 2 potions of attraction
 z - 3 potions of haste
 A - 2 potions of resistance {unknown}
 S - 2 potions of ambrosia


   Skills:
 + Level 9.7 Fighting
 + Level 9.7 Short Blades
 + Level 9.7 Long Blades
 + Level 9.7 Axes
 + Level 9.7 Maces & Flails
 + Level 9.7 Polearms
 + Level 9.7 Staves
 + Level 9.7 Ranged Weapons
 + Level 9.7 Throwing
 + Level 9.7 Armour
 + Level 10.7 Dodging
 + Level 10.6 Stealth
 + Level 9.7 Shields
 + Level 9.7 Unarmed Combat
 + Level 10.9 Spellcasting
 + Level 8.4 Conjurations
 + Level 8.1 Hexes
 + Level 8.1 Summonings
 + Level 8.1 Necromancy
 + Level 8.1 Translocations
 + Level 8.1 Fire Magic
 + Level 8.1 Ice Magic
 + Level 8.1 Air Magic
 + Level 9.8 Earth Magic
 + Level 8.1 Alchemy
 + Level 10.5 Invocations
 + Level 9.7 Evocations
 + Level 8.9 Shapeshifting


You had one spell level left.
You knew the following spells:

 Your Spells              Type           Power      Damage    Failure   Level
a - Sandblast             Erth           100%       2d20      1%          1
b - Passwall              Erth           60%        N/A       1%          3
c - Stone Arrow           Conj/Erth      100%       3d13      1%          3
d - Brom's Barrelling Bo  Conj/Erth      58%        2d7       1%          4
e - Petrify               Alch/Erth      57%        N/A       1%          4
f - Freezing Cloud        Conj/Ice/Air   27%        6-21      1%          5
g - Ozocubu's Refrigerat  Ice            27%        4d13      30%         7
h - Plasma Beam           Fire/Air       27%        2x1d39    6%          6

Your spell library contained the following spells:

 Spells                   Type           Power      Damage    Failure   Level
 Freeze                   Ice            100%       1d10      1%          1
 Sting                    Conj/Alch      100%       1d9       1%          1
 Summon Small Mammal      Summ           100%       N/A       1%          1
 Jinxbite                 Hex            100%       N/A       1%          2
 Mercury Vapours          Alch/Air       100%       N/A       1%          2
 Sublimation of Blood     Necr           54%        N/A       1%          2
 Call Canine Familiar     Summ           54%        N/A       1%          3
 Frozen Ramparts          Ice            100%       1d16      1%          3
 Hailstorm                Conj/Ice       55%        3d11      1%          3
 Tukima's Dance           Hex            54%        N/A       1%          3
 Fulminant Prism          Conj/Alch      27%        3d13      1%          4
 Leda's Liquefaction      Alch/Erth      28%        N/A       1%          4
 Olgreb's Toxic Radiance  Alch           54%        N/A       1%          4
 Passage of Golubria      Tloc           54%        N/A       1%          4
 Summon Blazeheart Golem  Fire/Summ      54%        N/A       1%          4
 Irradiate                Conj/Alch      27%        3d20      1%          5
 Lee's Rapid Deconstruct  Erth           30%        3d16*     1%          5
 Yara's Violent Unravell  Hex/Alch       27%        3d12      1%          5
 Metabolic Englaciation   Hex/Ice        27%        N/A       4%          5
 Enfeeble                 Hex            27%        N/A       77%         7


Dungeon Overview and Level Annotations

Branches:
Dungeon (10/15)            Temple (1/1) D:5            Lair (5/5) D:10
  Swamp (0/4) Lair:2       Spider (0/4) Lair:2        Slime (0/5) Lair:5
    Orc (2/2) D:9           Sewer (visited)
    Elf: Orc:2

Altars:
Ashenzari
Cheibriados
Dithmenos
Elyvilon
Fedhas
Gozag
Hepliaklqana
Kikubaaqudgha
Makhleb
Nemelex Xobeh
Okawaru
Qazlal
Ru
Sif Muna
Trog
Uskayaw
Vehumet
Wu Jian
Xom
Yredelemnul
Zin
The Shining One

Shops:
D:7 (

Annotations:
D:10 3 runed translucent doors, Daviar's ghost, journeyman VSNe
Lair:3 exclusion: 2 oklob plants


Innate Abilities, Weirdness & Mutations

You have very sharp teeth.
Your uncanny sense of smell can sniff out nearby items.
Your experience applies equally to all skills.


Message History

The orc priest looks satisfied for a moment.
The orc warrior shoots an arrow.
The arrow hits you. The orc warrior closely misses you.
The orc warrior is engulfed in freezing vapours.
You kill the orc warrior!
Vehumet accepts your kill.
You feel your power returning.
The orc knight is engulfed in freezing vapours.
The orc knight roars a battlecry!
The orc goes into a battle-frenzy!
The orc warrior shoots a bolt.
The bolt hits you!
Casting: Freezing Cloud (mildly dangerous; 1% risk of failure)
Confirm with . or Enter, or press ? or * to list all spells.
Aiming: Freezing Cloud (mildly dangerous; 1% risk of failure)
Press: ? - help, Dir - move target, f - orc warrior
Aim: an orc warrior, wielding a +0 orcbow (moderately wounded, strong)
The orc shoots an arrow.
The arrow completely misses you.
The orc priest calls down the wrath of Beogh upon you.
Beogh smites you!
* * * LOW HITPOINT WARNING * * *
The orc warrior is engulfed in freezing vapours.
The orc warrior shoots an arrow.
The arrow hits you.
* * * LOW HITPOINT WARNING * * *
The orc warrior hits you from afar with a +0 trident!
* * * LOW HITPOINT WARNING * * *
The orc knight is engulfed in freezing vapours.
The orc warrior is engulfed in freezing vapours.
The orc warrior shoots a bolt.
The bolt closely misses you.
The orc wizard mumbles some strange words.
The orc wizard flickers and vanishes!
Deactivating autopickup; reactivate with Ctrl-A.
The orc shoots an arrow.
The arrow completely misses you.
The orc warrior is engulfed in freezing vapours.
You kill the orc warrior!
Vehumet accepts your kill.
The orc warrior hits you from afar with a +0 trident!
* * * LOW HITPOINT WARNING * * *
The orc priest mumbles some strange prayers to Beogh against you.
Beogh smites you!
You die...

##.#........ .
.#......)...# ...
............##...
.............[.).
.................
.......o......[.#
.............###.
...............#.
........@§.§......
.....o.§§§§§§.....
.....§o§°§§o§.....
.....c§§§§§)§§#...
......§§§§§§o§§#..
......§§§§§§§§###.
.......§§§§#§§K#
.......§§§§○§{o.#
.................


You could see an orc knight, a kobold blastminer, 2 orc warriors, a centaur, 2
orc priests and an orc (strong).

Vanquished Creatures
  An eleionoma (Lair:2)
  4 catoblepae
  A hydra (Lair:3)
  Fannar (Lair:2)
  8 death yaks
  Urug (Lair:4)
  A skyshark (Lair:5)
  Lodul (D:10)
  An orc knight (Orc:1)
  2 wolf spiders (Lair:1)
  An oklob plant (Lair:4)
  2 manticores (Lair:5)
  2 kobold blastminers
  18 elephants
  3 black mambas
  Maurice (D:7)
  7 cane toads
  A kobold demonologist (D:9)
  8 komodo dragons
  5 rime drakes
  A polar bear (Lair:3)
  3 slime creatures
  9 blink frogs
  5 dream sheep (Lair:3)
  2 wyverns
  A steam dragon (D:9)
  67 yaks
  2 basilisks
  A warg (Orc:1)
  4 vampire mosquitoes
  Menkaure (D:4)
  13 water moccasins
  A sky beast (D:7)
  23 orc warriors
  An ice beast (D:7)
  12 ogres
  27 wolves
  8 centaurs
  5 kobold brigands
  11 bullfrogs
  3 scorpions
  9 killer bees (D:8)
  A howler monkey (D:7)
  2 bombardier beetles
  2 electric eels (Lair:2)
  4 jellies
  4 hounds (D:6)
  9 orc priests
  5 iguanas
  15 orc wizards
  2 sleepcaps
  4 hell rats (Lair:2)
  10 adders
  3 gnolls
  6 river rats (Sewer)
  2 white imps (D:7)
  2 ufetubi (D:6)
  4 dart slugs
  A ribbon worm (D:4)
  59 orcs
  11 endoplasms
  5 giant cockroaches
  3 goblins
  4 hobgoblins
  8 jackals
  7 quokkas
  11 ball pythons
  3 bats
  12 frilled lizards
  21 kobolds
  26 rats
524 creatures vanquished.

Vanquished Creatures (collateral kills)
  11 boulders
11 creatures vanquished.

Vanquished Creatures (others)
  A basilisk (Lair:5)
  6 boulders
  6 fulminant prisms (D:8)
13 creatures vanquished.

Grand Total: 548 creatures vanquished

Notes
Turn   | Place    | Note
-------+----------+-------------------------------------------
     0 | D:1      | Ashen the Gnoll Earth Elementalist began the quest for the
                  | Orb.
     0 | D:1      | Reached XP level 1. HP: 13/13 MP: 6/6
   129 | D:1      | Reached XP level 2. HP: 19/19 MP: 5/7
   597 | D:1      | Reached skill level 5 in Spellcasting
   597 | D:1      | Reached XP level 3. HP: 25/25 MP: 6/9
   756 | D:1      | Reached skill level 1 in Invocations
   898 | D:2      | Learned a level 3 spell: Passwall
   902 | D:2      | Learned a level 3 spell: Stone Arrow
  1048 | D:2      | Identified the +7 hand axe of the Solemn God {drain, rF+
                  | rCorr Dex+2 Stlth-}
  1099 | D:2      | Reached skill level 1 in Fighting
  1099 | D:2      | Reached skill level 1 in Short Blades
  1099 | D:2      | Reached skill level 1 in Long Blades
  1099 | D:2      | Reached skill level 1 in Axes
  1099 | D:2      | Reached skill level 1 in Maces & Flails
  1099 | D:2      | Reached skill level 1 in Polearms
  1099 | D:2      | Reached skill level 1 in Staves
  1099 | D:2      | Reached skill level 1 in Ranged Weapons
  1099 | D:2      | Reached skill level 1 in Throwing
  1099 | D:2      | Reached skill level 1 in Armour
  1099 | D:2      | Reached skill level 1 in Shields
  1099 | D:2      | Reached skill level 1 in Unarmed Combat
  1099 | D:2      | Reached skill level 1 in Evocations
  1105 | D:2      | Found a faded altar of an unknown god.
  1260 | D:2      | Reached skill level 1 in Shapeshifting
  1260 | D:2      | Reached XP level 4. HP: 32/32 MP: 11/11
  1852 | D:2      | Learned a level 4 spell: Brom's Barrelling Boulder
  1880 | D:3      | Reached skill level 1 in Hexes
  1880 | D:3      | Reached skill level 1 in Summonings
  1880 | D:3      | Reached skill level 1 in Necromancy
  1880 | D:3      | Reached skill level 1 in Translocations
  1880 | D:3      | Reached skill level 1 in Fire Magic
  1880 | D:3      | Reached skill level 1 in Ice Magic
  1880 | D:3      | Reached skill level 1 in Air Magic
  1880 | D:3      | Reached skill level 1 in Alchemy
  1950 | D:3      | Found a sacrificial altar of Ru.
  2399 | D:3      | Found an opulent altar of Gozag.
  2597 | D:4      | Reached XP level 5. HP: 37/37 MP: 10/12
  2987 | D:4      | Reached XP level 6. HP: 44/44 MP: 10/14
  3052 | D:4      | Learned a level 4 spell: Petrify
  3137 | D:4      | Reached skill level 5 in Dodging
  3617 | D:4      | Noticed Menkaure
  3628 | D:3      | HP: 1/44 [gnoll/+0 flail (8)]
  3872 | D:4      | Killed Menkaure
  3873 | D:4      | Reached XP level 7. HP: 20/50 MP: 10/15
  4085 | D:5      | Entered Level 5 of the Dungeon
  4311 | D:5      | Found a staircase to the Ecumenical Temple.
  4318 | Temple   | Entered the Ecumenical Temple
  4333 | Temple   | Became a worshipper of Vehumet
  4400 | D:5      | Reached skill level 5 in Stealth
  4402 | D:5      | Found a glowing drain.
  4408 | Sewer    | Entered a sewer
  4616 | Sewer    | Reached * piety under Vehumet
  4616 | Sewer    | Offered knowledge of Kiss of Death by Vehumet.
  4825 | Sewer    | Reached XP level 8. HP: 31/58 MP: 12/16
  4940 | D:5      | Offered knowledge of Magic Dart by Vehumet.
  5288 | D:5      | Found a shimmering blue altar of Sif Muna.
  5857 | D:6      | Identified the +2 pair of boots of Sokintadgh {*Slow rElec
                  | rF+ rCorr Int+3}
  5866 | D:6      | Reached ** piety under Vehumet
  6823 | D:7      | Found Wuderir's Weapon Emporium.
  6835 | D:7      | Reached XP level 9. HP: 65/65 MP: 18/18
  6840 | D:7      | Noticed Maurice
  6871 | D:7      | Offered knowledge of Searing Ray by Vehumet.
  6876 | D:7      | Maurice stole a staff of earth
  6882 | D:7      | Killed Maurice
  7313 | D:7      | Reached *** piety under Vehumet
  7314 | D:7      | Reached skill level 5 in Invocations
  7894 | D:7      | Reached skill level 5 in Fighting
  7894 | D:7      | Reached skill level 5 in Short Blades
  7894 | D:7      | Reached skill level 5 in Long Blades
  7894 | D:7      | Reached skill level 5 in Axes
  7894 | D:7      | Reached skill level 5 in Maces & Flails
  7894 | D:7      | Reached skill level 5 in Polearms
  7894 | D:7      | Reached skill level 5 in Staves
  7894 | D:7      | Reached skill level 5 in Ranged Weapons
  7894 | D:7      | Reached skill level 5 in Throwing
  7894 | D:7      | Reached skill level 5 in Armour
  7894 | D:7      | Reached skill level 5 in Shields
  7894 | D:7      | Reached skill level 5 in Unarmed Combat
  7894 | D:7      | Reached skill level 5 in Evocations
  7894 | D:7      | Reached XP level 10. HP: 58/74 MP: 17/20
  8225 | D:8      | Offered knowledge of Fulminant Prism by Vehumet.
  8234 | D:8      | Learned a level 4 spell: Fulminant Prism
  9030 | D:9      | Reached skill level 5 in Conjurations
  9163 | D:9      | Reached skill level 5 in Shapeshifting
  9463 | D:9      | Noticed a kobold demonologist
  9502 | D:9      | Noticed a rust devil
  9689 | D:9      | Found a staircase to the Orcish Mines.
  9929 | D:9      | Noticed a rust devil
  9931 | D:9      | Noticed a rust devil
  9976 | D:10     | Entered Level 10 of the Dungeon
 10099 | D:9      | Found a staircase to the Orcish Mines.
 10181 | D:9      | Killed a kobold demonologist
 10181 | D:9      | Reached **** piety under Vehumet
 10750 | D:10     | Reached skill level 5 in Hexes
 10750 | D:10     | Reached skill level 5 in Summonings
 10750 | D:10     | Reached skill level 5 in Necromancy
 10750 | D:10     | Reached skill level 5 in Translocations
 10750 | D:10     | Reached skill level 5 in Fire Magic
 10750 | D:10     | Reached skill level 5 in Ice Magic
 10750 | D:10     | Reached skill level 5 in Air Magic
 10750 | D:10     | Reached skill level 5 in Alchemy
 10753 | D:10     | Reached XP level 11. HP: 81/81 MP: 12/22
 10774 | D:10     | Offered knowledge of Lee's Rapid Deconstruction by Vehumet.
 10800 | D:10     | Learned a level 5 spell: Lee's Rapid Deconstruction
 11466 | D:10     | Found a runed translucent gate.
 11467 | D:10     | Found a runed translucent gate.
 11468 | D:10     | Found a runed translucent gate.
 11469 | D:10     | Noticed Daviar's ghost (journeyman VSNe)
 11469 | D:10     | Noticed a nine-headed hydra
 11536 | D:10     | Found a blossoming altar of Fedhas.
 11536 | D:10     | Found a glowing golden altar of the Shining One.
 11536 | D:10     | Found a white marble altar of Elyvilon.
 11536 | D:10     | Found a glowing silver altar of Zin.
 11604 | D:10     | Found a staircase to the Lair.
 11807 | D:10     | Noticed Lodul
 11812 | D:10     | Killed Lodul
 12068 | Lair:1   | Entered Level 1 of the Lair of Beasts
 12639 | Lair:1   | Noticed a wolf spider
 12639 | Lair:1   | Noticed a wolf spider
 12656 | Lair:1   | Reached ***** piety under Vehumet
 12691 | Lair:1   | Killed a wolf spider
 12691 | Lair:1   | Offered knowledge of Freezing Cloud by Vehumet.
 12964 | D:10     | Learned a level 5 spell: Freezing Cloud
 13428 | Lair:1   | Killed a wolf spider
 13470 | Lair:1   | Reached XP level 12. HP: 91/91 MP: 20/24
 14035 | Lair:2   | HP: 4/91 [cloud of freezing vapour (27)]
 14418 | Lair:2   | Found a staircase to the Swamp.
 14418 | Lair:2   | Noticed an eleionoma
 14445 | Lair:2   | Killed an eleionoma
 14644 | Lair:2   | Noticed Fannar
 14809 | Lair:2   | You fall into a shaft and drop 2 floors!
 14900 | Lair:4   | Noticed a death yak
 14900 | Lair:4   | Noticed a death yak
 14904 | Lair:4   | Noticed a death yak
 14906 | Lair:4   | Killed a death yak
 14907 | Lair:4   | Noticed a death yak
 14910 | Lair:4   | Killed a death yak
 14916 | Lair:4   | Killed a death yak
 14933 | Lair:4   | Killed a death yak
 15205 | Lair:4   | Noticed Urug
 15219 | Lair:4   | Killed Urug
 16351 | Lair:3   | Noticed a catoblepas
 16436 | Lair:3   | Noticed a five-headed hydra
 16443 | Lair:3   | Reached XP level 13. HP: 88/98 MP: 16/26
 17451 | Lair:3   | Found a blossoming altar of Fedhas.
 17529 | Lair:3   | Reached skill level 10 in Spellcasting
 18034 | Lair:2   | Found a hole to the Spider Nest.
 18054 | Lair:2   | Killed Fannar
 18698 | Lair:5   | Entered Level 5 of the Lair of Beasts
 18702 | Lair:4   | Offered knowledge of Plasma Beam by Vehumet.
 18713 | Lair:4   | Learned a level 6 spell: Plasma Beam
 18931 | Lair:5   | Reached skill level 10 in Dodging
 19724 | Lair:5   | Reached skill level 10 in Stealth
 19835 | Lair:5   | Reached XP level 14. HP: 54/108 MP: 13/28
 19986 | Lair:5   | Reached skill level 10 in Invocations
 20250 | Lair:5   | Found a staircase to the Slime Pits.
 20978 | Lair:5   | Identified 2 scrolls of acquirement
 20978 | Lair:5   | Acquired the +6 Majin-Bo {spellvamp, MP+6 Int+6}
 20978 | Lair:5   | Found the +6 Majin-Bo {spellvamp, MP+6 Int+6}
 21152 | Orc:1    | Entered Level 1 of the Orcish Mines
 21475 | Orc:2    | Entered Level 2 of the Orcish Mines
 21501 | Orc:2    | Offered knowledge of Ozocubu's Refrigeration by Vehumet.
 21523 | Orc:1    | Learned a level 7 spell: Ozocubu's Refrigeration
 22260 | Orc:2    | HP: 2/109 [orc warrior/+0 trident (8)]
 22260 | Orc:2    | Killed from afar by an orc priest

Illustrated notes

Levels and vault maps discovered:
D:1:      moated_graveyard_arrival, layout_basic, minmay_tetromino_l4
D:2:      layout_basic, shapermc_ecumenical_altar_starsandcircs,
          minmay_misc_feat_cross, amethyst_killhole, minmay_cut_off
D:3:      layout_loops_ring, nicolae_gozag_cash_rules_everything_around_me,
          mainiacjoe_overflow_24_doors
D:4:      layout_loops_corners, serial_aquarium, aquarium_bridge_straight
          [aquarium_subvault_bridge, aquarium_subvault_window,
          aquarium_subvault_bridge, aquarium_subvault_balcony],
          aquarium_bridge_long_separate [aquarium_subvault_balcony,
          aquarium_subvault_bridge, aquarium_subvault_wall,
          aquarium_subvault_bridge, aquarium_subvault_window,
          aquarium_subvault_bridge], aquarium_window_fake, aquarium_window_1,
          aquarium_view_2d, aquarium_balcony_3a, aquarium_pool_2, uniq_menkaure
D:5:      layout_cave_pods, led_sif_book, minmay_temple_entry_trees,
          mainiacjoe_sewer_entry_somewhere_in_here_1, minmay_misc_feat_iff,
          minivault_1
D:6:      layout_rooms
D:7:      layout_cave_pools, serial_shops, shop, uniq_maurice
D:8:      layout_gridville, kennysheep_generic_room_4
D:9:      cheibrodos_iron_armory, layout_long_grid, orc_0_dummy,
          kennysheep_generic_room_12
D:10:     layout_basic, chequers_temple_overflow_statue_of_worship,
          lair_entry_dummy, special_room [special_room_orc],
          gammafunk_ghost_hydra_chop, uniq_lodul
Temple:   eino_wide_crystal_templ
Lair:1:   layout_cave_pods, minivault_25, dreamdust_deal_with_the_devil,
          nicolae_lair_run_with_the_wolves, lemuel_fruit_fields
Lair:2:   layout_cave_pods, alex1729_swamp_entry_worm_eleionoma,
          spider_nest_entry_web_field, serial_bayou, serial_bayou_lake_a,
          serial_bayou_pond_d, serial_bayou_pond_a, serial_bayou_pond_a,
          serial_bayou_crossing, uniq_fannar
Lair:3:   layout_small_grid, hangedman_tree_tricks
Lair:4:   layout_cave_pods, uniq_urug
Lair:5:   evilmike_catoblepas_cave, layout_loops_ring,
          minmay_slime_entry_pillars
Orc:1:    layout_diamond_mine
Orc:2:    st_orc_rangers, layout_caves

Skill      XL: |  1  2  3  4  5  6  7  8  9 10 11 12 13 14 |
---------------+-------------------------------------------+-----
Conjurations   | 2 3 4 5 6 7 8 |  8.4
Spellcasting   | 5 6 7 8 9 10 | 10.9
Invocations    | 1 2 3 4 5 6 7 8 9 10 | 10.5
Fighting       | 1 2 3 4 5 6 7 8 9 |  9.7
Short Blades   | 1 2 3 4 5 6 7 8 9 |  9.7
Long Blades    | 1 2 3 4 5 6 7 8 9 |  9.7
Axes           | 1 2 3 4 5 6 7 8 9 |  9.7
Maces & Flails | 1 2 3 4 5 6 7 8 9 |  9.7
Polearms       | 1 2 3 4 5 6 7 8 9 |  9.7
Staves         | 1 2 3 4 5 6 7 8 9 |  9.7
Ranged Weapons | 1 2 3 4 5 6 7 8 9 |  9.7
Throwing       | 1 2 3 4 5 6 7 8 9 |  9.7
Armour         | 1 2 3 4 5 6 7 8 9 |  9.7
Shields        | 1 2 3 4 5 6 7 8 9 |  9.7
Unarmed Combat | 1 2 3 4 5 6 7 8 9 |  9.7
Evocations     | 1 2 3 4 5 6 7 8 9 |  9.7
Shapeshifting  | 1 2 3 4 5 6 7 8 |  8.9
Hexes          | 1 2 3 4 5 6 7 8 |  8.1
Summonings     | 1 2 3 4 5 6 7 8 |  8.1
Necromancy     | 1 2 3 4 5 6 7 8 |  8.1
Translocations | 1 2 3 4 5 6 7 8 |  8.1
Fire Magic     | 1 2 3 4 5 6 7 8 |  8.1
Ice Magic      | 1 2 3 4 5 6 7 8 |  8.1
Air Magic      | 1 2 3 4 5 6 7 8 |  8.1
Alchemy        | 1 2 3 4 5 6 7 8 |  8.1
Dodging        | 5 6 7 8 9 10 | 10.7
Stealth        | 5 6 7 8 9 10 | 10.6
Earth Magic    | 6 7 8 9 |  9.8

Action                     |  1- 3 |  4- 6 |  7- 9 | 10-12 | 13-15 || total
---------------------------+-------+-------+-------+-------+-------++-------
  Melee: Hand axe          |    19 |     6 |    38 |       |       ||    63
         Bite              |       |       |    19 |    53 |    28 ||   100
         Punch             |       |       |     4 |    21 |    22 ||    47
         Short sword       |       |       |   121 |   337 |   118 ||   576
         Bo                |       |       |       |       |    25 ||    25
         Rapier            |       |       |       |       |     5 ||     5
   Cast: Sandblast         |    45 |    73 |    61 |       |       ||   179
         Stone Arrow       |       |       |    52 |   147 |   142 ||   341
         Petrify           |       |       |    16 |    27 |    11 ||    54
         Brom's Barrelling |       |       |    11 |    18 |       ||    29
         Fulminant Prism   |       |       |       |     6 |       ||     6
         Lee's Rapid Decon |       |       |       |    28 |     2 ||    30
         Freezing Cloud    |       |       |       |    44 |    58 ||   102
         Plasma Beam       |       |       |       |       |    21 ||    21
         Passwall          |       |       |       |       |     1 ||     1
  Evoke: Wand              |       |       |     3 |     5 |     6 ||    14
    Use: Potion            |       |       |       |     2 |     3 ||     5
         Scroll            |       |       |       |    21 |     7 ||    28
   Stab: Distracted        |     1 |       |       |       |     1 ||     2
         Petrified         |       |       |    19 |    17 |    10 ||    46
         Sleeping          |       |       |     3 |     1 |     4 ||     8
         Petrifying        |       |       |     3 |    13 |     4 ||    20
 Armour: Robe              |    13 |    35 |   138 |   319 |   196 ||   701
  Dodge: Dodged            |    24 |    32 |   146 |   320 |   196 ||   718
